 Dungeon Crawl Stone Soup version 0.31.0-32-g396128a36d (webtiles) character file.

Game seed: 2129555011874058768

322 Logoto the Chopper (level 6, -8/53 HPs)
             Began as a Hill Orc Fighter on Mar 10, 2024.
             Was an Initiate of Beogh.
             Killed by nerve-wracking pain
             ... invoked by an orc priest
              (14 damage)
             ... on level 4 of the Dungeon.
             The game lasted 00:06:08 (2678 turns).

Logoto the Chopper (Hill Orc Fighter)               Turns: 2678, Time: 00:06:09

Health: -8/53      AC:  8    Str: 21    XL:     6   Next: 47%
Magic:  6/6        EV:  9    Int:  8    God:    Beogh [......]
Gold:   181        SH:  4    Dex: 10    Spells: 5/5 levels left

rFire   . . .        a - +0 war axe
rCold   . . .        c - +0 buckler
rNeg    . . .        b - +0 scale mail
rPois   .            n - +0 helmet
rElec   .            (no cloak)
rCorr   .            (no gloves)
SInv    .            (no boots)
Will    .....        (no amulet) Stlth
                     (no ring)
HPRegen 0.28/turn    (no ring)
MPRegen 0.10/turn

%: no passive effects
@: no status effects
A: no striking features
a: Renounce Religion


You were on level 4 of the Dungeon.
You worshipped Beogh.
Beogh was noncommittal.
You visited 1 branch of the dungeon, and saw 4 of its levels.

You collected 181 gold pieces.

Inventory:

Hand Weapons
 a - a +0 war axe (weapon)
 t - a +1 dagger of speed
Missiles
 r - 2 poisoned darts (quivered)
Armour
 b - a +0 scale mail (worn)
 c - a +0 buckler (worn)
 n - a +0 helmet (worn)
Wands
 u - a wand of flame (15)
Scrolls
 g - a scroll of brand weapon {unknown}
 h - 3 scrolls of identify {unknown}
 j - a scroll of fog {unknown}
 k - a scroll of torment {unknown}
 m - a scroll of enchant weapon {unknown}
 q - a scroll of revelation {unknown}
 v - a scroll of amnesia {unknown}
Potions
 d - a potion of might
 e - a potion of cancellation {unknown}
 f - 2 potions of lignification {unknown}
 i - 4 potions of curing {unknown}
 l - a potion of enlightenment {unknown}
 o - a potion of resistance {unknown}
 p - a potion of berserk rage {unknown}


   Skills:
 + Level 4.5 Fighting
 + Level 5.4 Axes
 + Level 5.4 Armour
 + Level 1.1 Dodging
 + Level 3.7 Shields


You had 5 spell levels left.
You didn't know any spells.
Your spell library contained the following spells:

 Spells                   Type           Power      Damage    Failure   Level
 Sublimation of Blood     Necr           0%         N/A       91%         2
 Petrify                  Alch/Erth      0%         N/A       100%        4
 Irradiate                Conj/Alch      0%         3d11      100%        5


Dungeon Overview and Level Annotations

Branches:
Dungeon (4/15)
 Temple: D:4-7

Altars:

Shops:
D:3 :

Annotations:
D:4 Pikel


Message History

You slash the lemure!
You kill the lemure!
That felt strangely unrewarding.
You closely miss something. You block something's attack.
You hit something. Something hits you. Something hits you but does no damage.
You miss something. Something hits you.
You slash something! Something hits you but does no damage.
The orc priest invokes the aid of Beogh against you.
Beogh smites you!
* * * LOW HITPOINT WARNING * * *
Unknown command.
You slash something! Beogh accepts your kill.
Reactivating autopickup.
You feel a bit more experienced.
You closely miss the orc priest.
The orc priest hits you but does no damage.
You hit the orc priest.
The orc priest is lightly wounded.
The orc priest hits you but does no damage.
The orc priest closely misses you.
You slash the orc priest!
The orc priest is severely wounded.
The orc priest barely misses you.
You barely miss the orc priest.
The orc priest is severely wounded.
The orc priest barely misses you.
You completely miss the orc priest.
The orc priest is severely wounded.
The orc priest invokes the aid of Beogh against you.
Beogh smites you!
* * * LOW HITPOINT WARNING * * *
You hit the orc priest.
The orc priest is severely wounded.
The orc priest hits you with a +0 short sword.
* * * LOW HITPOINT WARNING * * *
The orc priest invokes the aid of Beogh against you.
Pain shoots through your body!
You die...
Beogh appreciates the orc priest's killing of a heretic priest.

#.....####.#
#.###.# #.#
#..o..# #.# #.#
#)#.#<# ####o##
#.# #.# #.#.#.#
#.#
#.###.###.#...#
#o#
#.#.......###.#
#.#
#.######..###.#
#.# #[#
#......#
#.#####.#
#.#......#
#...oo@.#
#.........
#########
###.###### #..
#.# #.# ###


You could see an orc priest and an orc.

Vanquished Creatures
  2 lemures (D:4)
  2 scorpions
  Natasha (twice) (D:3)
  An orc wizard (D:4)
  Robin (D:2)
  5 adders
  3 ribbon worms
  A dart slug (D:3)
  An orc (D:4)
  4 endoplasms
  2 giant cockroaches
  13 goblins
  10 hobgoblins
  A quokka (D:3)
  7 ball pythons
  5 bats
  4 frilled lizards
  4 kobolds
  8 rats
76 creatures vanquished.

Vanquished Creatures (others)
  An orc priest (D:4)
  An orc (D:4)
2 creatures vanquished.

Grand Total: 78 creatures vanquished

Notes
Turn   | Place    | Note
-------+----------+-------------------------------------------
     0 | D:1      | Logoto the Hill Orc Fighter began the quest for the Orb.
     0 | D:1      | Reached XP level 1. HP: 19/19 MP: 1/1
   190 | D:1      | Reached XP level 2. HP: 22/27 MP: 2/2
   818 | D:2      | Reached XP level 3. HP: 33/33 MP: 3/3
  1112 | D:2      | Noticed Robin
  1139 | D:2      | Killed Robin
  1140 | D:2      | Reached XP level 4. HP: 35/40 MP: 4/4
  1598 | D:3      | Noticed a scorpion
  1604 | D:3      | Killed a scorpion
  1605 | D:3      | Reached XP level 5. HP: 46/46 MP: 5/5
  1645 | D:3      | Reached skill level 1 in Dodging
  1744 | D:3      | Found Voasut's Book Shop.
  1858 | D:3      | Noticed Natasha
  1863 | D:3      | Killed Natasha
  1864 | D:3      | Reached skill level 5 in Axes
  2177 | D:3      | Noticed Natasha
  2182 | D:3      | Killed Natasha
  2183 | D:3      | Reached skill level 5 in Armour
  2183 | D:3      | Reached XP level 6. HP: 49/52 MP: 6/6
  2583 | D:4      | Became a worshipper of Beogh the Brigand
  2593 | D:4      | Noticed Pikel
  2678 | D:4      | Killed from afar by an orc priest

Illustrated notes

Levels and vault maps discovered:
D:1:      spicycebolla_arrival_clurvy, layout_basic, patterned_corridor
D:2:      layout_loops_ring, uniq_robin
D:3:      layout_loops_ring, serial_shops, nicolae_book_shop_shelving,
          uniq_natasha
D:4:      layout_basic, mainiacjoe_overflow_alcove_1, mainiacjoe_overflow_paths,
          jmf_multi_god_temple, serial_shops, nicolae_shop_window_shopping,
          uniq_pikel, uniq_edmund, uniq_eustachio

Skill      XL: |  1  2  3  4  5 |
---------------+----------------+-----
Axes           | 3 4 5 |  5.4
Armour         | 4 5 |  5.4
Fighting       | 4 |  4.5
Dodging        | 1 |  1.1
Shields        | |  3.7

Action                     |  1- 3 |  4- 6 || total
---------------------------+-------+-------++-------
  Melee: War axe           |   101 |   162 ||   263
         Unarmed           |       |     2 ||     2
 Invoke: Convert to Beogh  |       |     1 ||     1
    Use: Potion            |       |     3 ||     3
 Armour: Scale mail        |    83 |   125 ||   208
  Dodge: Dodged            |    57 |    78 ||   135
  Block: Buckler           |    30 |    36 ||    66
